 Dungeon Crawl Stone Soup version 0.20.0-10-g0535bb4 (webtiles) character file.

25 miragecloak the Changer (level 3, -5/23 HPs)
             Began as an Octopode Transmuter on June 6, 2017.
             Slain by a worm (10 damage)
             ... on level 2 of the Dungeon.
             The game lasted 00:00:28 (475 turns).

miragecloak the Changer (Octopode Transmuter)        Turns: 475, Time: 00:00:29

Health: -5/23      AC:  1    Str:  9    XL:     3   Next: 6%
Magic:  4/6        EV: 13    Int: 15    God:
Gold:   46         SH:  0    Dex: 13    Spells: 5/6 levels left

rFire    . . .     SeeInvis .     - Unarmed
rCold    . . .     Gourm    .   (no shield)
rNeg     . . .     Faith    .   (helmet restricted)
rPois    .         Spirit   .   (no amulet)
rElec    .         Reflect  .   (no ring)
rCorr    .         Harm     .   (no ring)
MR       .....                  (no ring)
Stlth    ++........             (no ring)
Regen    0.1/turn               (no ring)
MPRegen  0.1/turn               (no ring)
                                (no ring)
                                (no ring)

@: no status effects
A: almost no armour, stealthy swim, amphibious, 8 rings, constrict 8, camouflage
1, gelatinous body 1
a: no special abilities


You were on level 2 of the Dungeon.
You were not hungry.

You visited 1 branch of the dungeon, and saw 2 of its levels.

You collected 46 gold pieces.

Inventory:

Missiles
 a - 67 arrows
Scrolls
 d - a scroll of fog {unknown}
 e - a scroll of teleportation {unknown}
 f - a scroll of recharging {unknown}
Potions
 g - a potion of degeneration {unknown}
 h - a potion of mutation {unknown}
 j - a potion of ambrosia {unknown}
Books
 b - a book of Changes

   Spells                             Type                      Level
   a - Beastly Appendage              Transmutation                1
   b - Sticks to Snakes               Transmutation                2
   c - Spider Form                    Transmutation/Poison         3
   d - Ice Form                       Ice/Transmutation            4
   e - Blade Hands                    Transmutation                5
Comestibles
 c - 2 bread rations
 i - a meat ration


   Skills:
 - Level 1.0 Fighting
 - Level 2.0 Dodging
 - Level 3.0 Unarmed Combat
 - Level 2.0 Spellcasting
 + Level 3.4 Transmutations


You had 5 spell levels left.
You knew the following spells:

 Your Spells              Type           Power        Failure   Level  Hunger
a - Beastly Appendage     Tmut           ##....       5%          1    #......


Dungeon Overview and Level Annotations

Branches:
Dungeon (2/15)

Altars:


Innate Abilities, Weirdness & Mutations

You cannot wear most types of armour.
You are very stealthy in the water. (Stealth+)
You are amphibious.
You can wear up to eight rings at the same time.
You can use your tentacles to constrict eight enemies at once.
Your skin changes colour to match your surroundings (Stealth+).
Your rubbery body absorbs attacks. (AC +1, EV +1)


Message History

You have reached level 3!
Your experience leads to an increase in your attributes!
Increase (S)trength, (I)ntelligence, or (D)exterity?
You feel agile.
You closely miss the jackal. You grab the jackal.
Your squeeze misses the jackal.
You constrict the jackal, but do no damage.
The jackal bites you.
* * * LOW HITPOINT WARNING * * *
The jackal closely misses you.
You barely miss the jackal.
Your tentacle spike disappears.
You constrict the jackal, but do no damage.
The jackal bites you but does no damage.
You tentacle-slap the jackal. You squeeze the jackal.
You kill the jackal!
You barely miss the worm. You grab the worm. You squeeze the worm!
The worm is heavily wounded.
You constrict the worm. The worm bites you!
You die...

###.#######.
##...........
#.
#).##.#######
#.
###.###<....#
#. #...#
#####...# #.
##.### .# #.
#..#
####.######.##
#.....†.w@..#
#.....#######
#.....#
#.....#
#.....#
#...$.#
#######


You could see a worm.

Vanquished Creatures
  3 bats (D:1)
  2 giant cockroaches (D:1)
  3 hobgoblins
  4 jackals (D:2)
  4 frilled lizards (D:1)
  4 goblins (D:1)
  A kobold (D:1)
  A rat (D:1)
22 creatures vanquished.

Notes
Turn   | Place    | Note
-------+----------+-------------------------------------------
     0 | D:1      | miragecloak the Octopode Transmuter began the quest for the Orb.
     0 | D:1      | Reached XP level 1. HP: 13/13 MP: 3/3
    87 | D:1      | Reached XP level 2. HP: 17/18 MP: 1/5
   471 | D:2      | Reached XP level 3. HP: 6/23 MP: 4/6
   475 | D:2      | Slain by a worm

Skill      XL: |  1  2 |
---------------+-------+-----
Transmutations | 3 |  3.4
Fighting       | |  1.0
Dodging        | |  2.0
Unarmed Combat | |  3.0
Spellcasting   | |  2.0

Action                   || total
-------------------------++-------
Melee: Unarmed           ||    45
       Constrict         ||    18
       Kick              ||    12
       Tentacles         ||    14
       Punch             ||     1
 Cast: Beastly Appendage ||    18
 Stab: Sleeping          ||     2
Armor: Skin              ||     8
Dodge: Dodged            ||    24
